 Dungeon Crawl Stone Soup version 0.27.0 (webtiles) character file.

Game seed: 6304722501009976176

23 shadowrider38 the Chopper (level 2, -1/27 HPs)
             Began as a Minotaur Berserker on July 31, 2021.
             Was a Follower of Trog.
             Succumbed to an adder's poison
             ... on level 2 of the Dungeon.
             The game lasted 00:03:02 (1719 turns).

shadowrider38 the Chopper (Minotaur Berserker)      Turns: 1719, Time: 00:03:03

Health: -1/27      AC:  2    Str: 21    XL:     2   Next: 75%
Magic:  1/1        EV: 12    Int:  4    God:    Trog [*.....]
Gold:   76         SH:  0    Dex:  9    Spells: 1/1 levels left

rFire    . . .     SeeInvis .   a - +0 hand axe
rCold    . . .     Faith    .   (no shield)
rNeg     . . .     Spirit   .   b - +0 animal skin
rPois    .         Reflect  .   (helmet restricted)
rElec    .         Harm     .   (no cloak)
rCorr    .         Rampage  .   (no gloves)
Will     .....                  (no boots)
Stlth    +.........             (no amulet)
HPRegen  0.09/turn              (no ring)
MPRegen  0.07/turn              (no ring)

@: lethally poisoned (-1 -> -14)
A: horns 2, retaliatory headbutt
a: Renounce Religion, Berserk


You were on level 2 of the Dungeon.
You worshipped Trog.
Trog was aware of your devotion.
You visited 1 branch of the dungeon, and saw 3 of its levels.

You collected 76 gold pieces.

Inventory:

Hand Weapons
 a - a +0 hand axe (weapon)
Armour
 b - a +0 animal skin (worn)
Scrolls
 c - a scroll of immolation {unknown}
 d - a scroll of teleportation {unknown}
 f - a scroll of enchant armour {unknown}
 i - 2 scrolls of identify {unknown}
 k - a scroll of magic mapping {unknown}
Potions
 e - a potion of degeneration {unknown}
 g - 3 potions of curing {unknown}
 h - 2 potions of heal wounds {unknown}
 j - a potion of attraction {unknown}


   Skills:
 - Level 4.1 Fighting
 + Level 4.5 Axes
 - Level 2.4 Armour
 - Level 2.2 Dodging


You had one spell level left.
You didn't know any spells.
Your spell library was empty.

Dungeon Overview and Level Annotations

Branches:
Dungeon (3/15)

Altars:
Nemelex Xobeh
Qazlal


Innate Abilities, Weirdness & Mutations

You have a pair of horns on your head.
You reflexively headbutt those who attack you in melee.


Message History

Things that are here:
a +0 club; 4 stones You now have 76 gold pieces (gained 18).
k - a scroll labelled PUISME TISA
Things that are here:
a +0 club; 4 stones
i - 2 scrolls labelled UMISOS ACOTIL (gained 1)
There is a stone staircase leading up here.
An adder comes into view.
An adder is nearby!
The adder hisses angrily.
The adder bites you.
You miss the adder. Your headbutt misses the adder. The adder bites you. x2
You are poisoned.
The adder poisons you!
You closely miss the adder.
You feel sick. The adder barely misses you.
You barely miss the adder. Your headbutt misses the adder.
You feel sick. The adder closely misses you.
You barely miss the adder. Your headbutt misses the adder.
You feel sick. The adder closely misses you. The adder barely misses you.
You fail to use your ability.
You feel sick. The adder bites you.
You are more poisoned.
The adder poisons you!
You miss the adder. Your headbutt misses the adder.
You feel sick. The adder bites you.
You are lethally poisoned!
The adder poisons you!
You hit the adder.
The adder is lightly wounded.
* * * LOW HITPOINT WARNING * * *
You feel very sick. The adder bites you.
* * * LOW HITPOINT WARNING * * *
The adder bites you.
* * * LOW HITPOINT WARNING * * *
You are more poisoned.
The adder poisons you!
You hit the adder. Your headbutt misses the adder.
The adder is heavily wounded.
You die...

### ##.##
############...##
#...............########
..##............@S......
#.##.########.#########.
#.##.# #.# #.##.# .?.
...#.# ##.## #..#.# #.#
#..#.# #.# #....# #.#
##.###


You could see an adder.

Vanquished Creatures
  A worm (D:2)
  2 ball pythons (D:1)
  A goblin (D:1)
  5 hobgoblins
  2 jackals (D:1)
  4 kobolds
  2 bats (D:2)
  2 rats (D:1)
19 creatures vanquished.

Notes
Turn   | Place    | Note
-------+----------+-------------------------------------------
     0 | D:1      | shadowrider38 the Minotaur Berserker began the quest for
                  | the Orb.
     0 | D:1      | Reached XP level 1. HP: 19/19 MP: 0/0
   326 | D:1      | Found a faded altar of an unknown god.
   386 | D:1      | Reached XP level 2. HP: 27/27 MP: 1/1
  1182 | D:3      | Found a stormy altar of Qazlal.
  1182 | D:3      | Found a sparkling altar of Nemelex Xobeh.
  1719 | D:2      | Succumbed to an adder's poison

Illustrated notes

Levels and vault maps discovered:
D:1:      lightli_arrival_flooded_house, layout_loops_ring,
          shapermc_ecumenical_altar_petra
D:2:      layout_loops_ring, kennysheep_generic_room_5
D:3:      layout_loops_ring, nicolae_ashenzari_panopticon,
          grunt_temple_overflow_open, uniq_natasha

Skill      XL: |  1  2 |
---------------+-------+-----
Fighting       | 4 |  4.1
Axes           | 4 |  4.5
Armour         | |  2.4
Dodging        | |  2.2

Action                   || total
-------------------------++-------
Melee: Hand axe          ||    59
       Headbutt          ||     4
 Stab: Sleeping          ||     1
Armor: Animal skin       ||    11
Dodge: Dodged            ||    30
